 Dungeon Crawl Stone Soup version 0.30-a0-339-g89bb51ec76 (webtiles) character file.

Game seed: 5803416462729833075

65 KennySheep the Conjurer (level 3, -1/26 HPs)
             Began as a Demigod Conjurer on Oct 31, 2022.
             Slain by a goblin
             ... wielding a +2 dagger of venom
             ... led by Robin
              (2 damage)
             ... on level 2 of the Dungeon.
             The game lasted 00:03:29 (1256 turns).

KennySheep the Conjurer (Demigod Conjurer)          Turns: 1256, Time: 00:03:30

Health: -1/26      AC:  5    Str:  8    XL:     3   Next: 66%
Magic:  0/5        EV: 12    Int: 24    God:
Gold:   23         SH:  0    Dex: 19    Spells: 3/6 levels left

rFire   + . .      SeeInvis .    m - +10 quarterstaff of Demonkind {antimagic, rF+ Dex+7}
rCold   . . .      Faith    .    (shield currently unavailable)
rNeg    . . .      Spirit   .    a - +1 robe
rPois   .          Reflect  .    (no helmet)
rElec   .          Harm     .    (no cloak)
rCorr   .          Rampage  .    (no gloves)
Will    .....                    (no boots)
Stlth   ++........               (no amulet)
HPRegen 0.24/turn                e - ring of magical power
MPRegen 0.09/turn                (no ring)

@: lethally poisoned (-1 -> -7), hasted, very quick
A: high MP 1, forlorn, divine attributes, talons 1, iridescent scales 1, subdued
magic 1
a: no special abilities


You were on level 2 of the Dungeon.
You visited 1 branch of the dungeon, and saw 2 of its levels.

You collected 23 gold pieces.

Inventory:

Hand Weapons
 d - a +0 dagger
 m - the +10 quarterstaff of Demonkind (weapon) {antimagic, rF+ Dex+7}
   (You found it on level 2 of the Dungeon)

   It reduces the magical energy of the wielder, and disrupts the spells and
   magical abilities of those it strikes.
   Natural abilities and divine invocations are not affected.
   Dex:       It affects your dexterity (+7).
   rF:        It protects you from fire.
Armour
 a - a +1 robe (worn)
Jewellery
 e - a ring of magical power (left hand)
Scrolls
 c - a scroll of magic mapping {unknown}
 i - a scroll of torment {unknown}
 k - a scroll of enchant armour
 n - a scroll of immolation {unknown}
Potions
 b - a potion of magic
 f - a potion of lignification {unknown}
 g - a potion of flight {unknown}
 h - a potion of attraction {unknown}
 j - a potion of mutation


   Skills:
 + Level 0.2 Fighting
 * Level 0.5 Staves
 * Level 0.5 Armour
 + Level 1.8 Dodging
 - Level 1.7 Stealth
 - Level 2.1 Spellcasting
 - Level 4.1 Conjurations
 - Level 1.6 Translocations


You had 3 spell levels left.
You knew the following spells:

 Your Spells              Type           Power      Damage    Failure   Level
a - Magic Dart            Conj           68%        1d6       1%          1
b - Searing Ray           Conj           34%        2d5       2%          2

Your spell library contained the following spells:

 Spells                   Type           Power      Damage    Failure   Level
 Dazzling Flash           Conj/Hex       18%        N/A       13%         3
 Iskenderun's Mystic Bla  Conj/Tloc      12%        2d5       32%         4
 Fulminant Prism          Conj/Hex       4%         3d5       41%         4


Dungeon Overview and Level Annotations

Branches:
Dungeon (2/15)


Innate Abilities, Weirdness & Mutations

You have an increased reservoir of magic. (+10% MP)
You shall have no god before yourself.
Your divine heritage dramatically boosts your attributes as you level up.
You have sharp toenails.
You are partially covered in iridescent scales. (AC +2)
Your spells are a little easier to cast, but a little less powerful.


Message History

Robin is heavily wounded.
The goblin closely misses you.
A goblin comes into view. It is wielding a +0 dagger.
The searing ray hits Robin!
You kill Robin!
The searing ray hits the hobgoblin!
You kill the hobgoblin!
The searing ray hits the goblin.
You kill the goblin!
The goblin hits you with a +0 dagger.
The searing ray misses the goblin.
You finish channelling your searing ray.
A quokka comes into view.
The goblin barely misses you. x2
You barely miss the goblin.
The goblin is moderately wounded.
The goblin closely misses you. The goblin hits you with a +0 dagger.
You closely miss the goblin.
The goblin is moderately wounded.
The goblin hits you with a +2 dagger of venom.
You are lethally poisoned!
The goblin misses you.
As you read the scroll labelled MYESAKL ACUCU, it crumbles to dust.
It is a scroll of enchant armour.
Your +0 robe glows green for a moment.
* * * LOW HITPOINT WARNING * * *
You feel very sick. The goblin closely misses you. The goblin misses you. x2
It was a potion of mutation.
You feel extremely strange.
Your toenails lengthen and sharpen.
Your connection to magic feels subdued.
Iridescent scales grow over part of your body.
* * * LOW HITPOINT WARNING * * *
You feel very sick. The goblin closely misses you.
The goblin barely misses you. The goblin hits you but does no damage.
It was a potion of haste.
You feel yourself speed up.
* * * LOW HITPOINT WARNING * * *
You feel sick.
The goblin hits you with a +2 dagger of venom.
You die...

..........#.# ..#
.....r....#^###.#
...#............#
..........)...###
..#...........#
.......>......###
..................#
....###g#...).....#
g
...gggg@#.........#
g.
...g###g#.........#
.g.. #.#....######
..) ##.#.#### .. ..
#....#####
....#.###..........#
...................#
...................#
..<.!..............#


You could see a quokka (wandering), a hobgoblin (strong) and 6 goblins.

Vanquished Creatures
  Robin (D:2)
  2 dart slugs (D:1)
  A bat (D:1)
  3 endoplasms (D:1)
  2 giant cockroaches (D:1)
  7 goblins
  9 hobgoblins
  3 jackals (D:1)
  4 quokkas
  5 ball pythons
  A frilled lizard (D:1)
  2 kobolds (D:2)
  2 rats
42 creatures vanquished.

Notes
Turn   | Place    | Note
-------+----------+-------------------------------------------
     0 | D:1      | KennySheep the Demigod Conjurer began the quest for the
                  | Orb.
     0 | D:1      | Reached XP level 1. HP: 14/14 MP: 5/5
   336 | D:1      | Reached XP level 2. HP: 18/20 MP: 7/7
   338 | D:1      | Reached skill level 1 in Translocations
   341 | D:1      | Learned a level 2 spell: Searing Ray
   492 | D:1      | Reached skill level 4 in Conjurations
   745 | D:1      | Reached XP level 3. HP: 26/26 MP: 8/8
  1181 | D:2      | Identified the +10 quarterstaff of Demonkind {antimagic,
                  | rF+ Dex+7}
  1238 | D:2      | Noticed Robin
  1250 | D:2      | Killed Robin
  1255 | D:2      | Gained mutation: You have sharp toenails. [potion of
                  | mutation]
  1255 | D:2      | Gained mutation: Your spells are a little easier to cast,
                  | but a little less powerful. [potion of mutation]
  1255 | D:2      | Gained mutation: You are partially covered in iridescent
                  | scales. (AC +2) [potion of mutation]
  1256 | D:2      | HP: 1/26 [poisoned by a goblin]
  1256 | D:2      | Slain by a goblin

Illustrated notes

Levels and vault maps discovered:
D:1:      enne_arrival_octagon_isle, layout_loops_cross,
          dreamdust_ecumenical_altar_hidden_monk_grotto
D:2:      layout_basic, serial_curves, eino_curves_02, eino_curves_01,
          uniq_robin, uniq_sigmund

Skill      XL: |  1  2 |
---------------+-------+-----
Translocations | 1 |  1.6
Spellcasting   | 2 |  2.1
Conjurations   | 4 |  4.1
Fighting       | |  0.2
Staves         | |  0.5
Armour         | |  0.5
Dodging        | |  1.8
Stealth        | |  1.7

Action                   || total
-------------------------++-------
Melee: Quarterstaff      ||     8
 Cast: Magic Dart        ||    63
       Searing Ray       ||     1
  Use: Potion            ||     2
       Scroll            ||     1
Armor: Robe              ||     4
Dodge: Dodged            ||    21

Table legend: (Time is in decaauts)
 A = Elapsed time spent in this place.
 B = Non-inter-level travel time spent in this place.
 C = Inter-level travel time spent in this place.
 D = Time resting spent in this place.
 E = Time spent auto-exploring this place.
 F = Levels seen in this place.
 G = Mean time per level.
                   A        B        C        D        E       F      G
               +--------+--------+--------+--------+--------+-----+--------+
         Total |   1256 |   1220 |     36 |      0 |   1058 |   2 |  628.0 |
       Dungeon |   1256 |   1220 |     36 |      0 |   1058 |   2 |  628.0 |
               +--------+--------+--------+--------+--------+-----+--------+

Top non-repeatable levels by time:
     D:1: 1177 daAuts
     D:2: 79 daAuts
